 Dungeon Crawl Stone Soup version 0.32-a0-738-g1a05c61809 (webtiles) character file.

Game seed: 7924604908135749294

9793 kush the Slicer (level 11, -2/87 HPs)
             Began as a Coglin Brigand on Mar 17, 2024.
             Was a Believer of Ru.
             Slain by a cane toad (19 damage)
             ... on level 1 of the Lair of Beasts.
             The game lasted 00:32:29 (16362 turns).

kush the Slicer (Coglin Brigand)                   Turns: 16362, Time: 00:32:31

Health: -2/87      AC: 11    Str: 12    XL:     11   Next: 52%
Magic:  11/11      EV: 14    Int: 11    God:    Ru [**....]
Gold:   1496       SH:  0    Dex: 19    Spells: 10/10 levels left

rFire   . . .        L - +3 dagger {Fritz}
rCold   + . .        C - +3 falchion {Theobald}
rNeg    . . .        k - +3 leather armour {rC+}
rPois   .            u - +0 helmet
rElec   .            c - +0 cloak
rCorr   .            p - +0 pair of gloves
SInv    .            J - +0 pair of boots
Will    .....        (amulet unavailable)
Stlth   ++           (ring unavailable)
HPRegen 0.34/turn    (ring unavailable)
MPRegen 0.12/turn    (no gizmo)

%: no passive effects
@: lethally poisoned (-2 -> -37), revved
A: hated by all, no conjurations magic, no earth magic, no hexes magic, off-hand
wielding, slow wielding, warmup strikes, no jewellery
a: Invent Gizmo, Renounce Religion


You were on level 1 of the Lair of Beasts.
You worshipped Ru.
Ru was pleased with you.
You visited 3 branches of the dungeon, and saw 14 of its levels.
You also visited: Bailey and Gauntlet.

You collected 1870 gold pieces.
You spent 374 gold pieces at shops.

Inventory:

Hand Weapons
 a - a +2 dagger {Aula}
 C - a +3 falchion (offhand) {Theobald}
 L - a +3 dagger (weapon) {Fritz}
Missiles
 d - 21 poisoned darts (quivered)
 e - 4 curare-tipped darts
 x - 10 boomerangs
 z - 5 javelins
 E - 2 throwing nets
Armour
 c - a +0 cloak (worn)
 i - the +0 pair of boots "Qoujogo" {rC++ Will+}
   (You found it in a Gauntlet)

   rC++:      It greatly protects you from cold.
   Will+:     It increases your willpower.
 k - a +3 leather armour of cold resistance (worn)
 p - a +0 pair of gloves (worn)
 u - a +0 helmet (worn)
 J - a +0 pair of boots (worn)
Jewellery
 D - the amulet "Pufuefu" {Faith rElec rN+ Will- Str+3}
   (You took it off a minotaur in a Gauntlet)

   [amulet of faith]

   Faith:     It allows you to gain divine favour quickly.
   Str+3:     It affects your strength (+3).
   rElec:     It insulates you from electricity.
   rN+:       It protects you from negative energy.
   Will-:     It decreases your willpower.
Wands
 v - a wand of flame (11)
 y - a wand of roots (10)
 I - a wand of charming (4)
 K - a wand of light (9)
 M - a wand of polymorph (8)
Scrolls
 b - a scroll of enchant weapon
 g - 2 scrolls of noise
 h - a scroll of fear
 l - 2 scrolls of immolation
 o - a scroll of teleportation
 s - a scroll of silence
 t - 2 scrolls of brand weapon
 B - 2 scrolls of revelation {unknown}
 F - a scroll of butterflies {unknown}
 H - 3 scrolls of fog {unknown}
 N - 3 scrolls of identify
Potions
 j - 2 potions of curing
 m - a potion of cancellation {unknown}
 n - 3 potions of mutation
 q - 2 potions of resistance {unknown}
 r - a potion of brilliance
 w - a potion of enlightenment
 A - 4 potions of lignification
 G - 2 potions of attraction


   Skills:
 + Level 8.4 Fighting
 - Level 10.0(10.3) Short Blades
 + Level 4.2(8.1) Long Blades
 + Level 5.7 Throwing
 - Level 6.0 Armour
 - Level 5.6 Dodging
 - Level 3.3 Stealth


You had 10 spell levels left.
You didn't know any spells.
Your spell library contained the following spells:

 Spells                   Type           Power      Damage    Failure   Level
 Sublimation of Blood     Necr           0%         N/A       54%         2
 Gell's Gravitas          Tloc           0%         N/A       78%         3
 Teleport Other           Tloc           0%         N/A       78%         3
 Vampiric Draining        Necr           0%         2d6       78%         3
 Dispel Undead            Necr           0%         3d6       99%         4
 Sticky Flame             Fire/Alch      0%         2d4       99%         4
 Dispersal                Tloc           0%         N/A       100%        6
 Kiss of Death            Conj/Necr      Unusable   2d5       N/A         1
 Slow                     Hex            Unusable   N/A       N/A         1
 Call Imp                 Summ           Unusable   N/A       N/A         2
 Jinxbite                 Hex            Unusable   N/A       N/A         2
 Confusing Touch          Hex            Unusable   N/A       N/A         3
 Inner Flame              Hex/Fire       Unusable   N/A       N/A         3
 Flame Wave               Conj/Fire      Unusable   2d4       N/A         4
 Petrify                  Alch/Erth      Unusable   N/A       N/A         4
 Irradiate                Conj/Alch      Unusable   3d11      N/A         5
 Yara's Violent Unravell  Hex/Alch       Unusable   3d3       N/A         5
 Enfeeble                 Hex            Unusable   N/A       N/A         7
 Summon Hydra             Summ           Unusable   N/A       N/A         7

Dungeon Overview and Level Annotations

Branches:
Dungeon (12/15)            Temple (1/1) D:7            Lair (1/5) D:10
 Bailey (visited)         Gauntlet (visited)
    Orc: D:9-12

Altars:
Ashenzari
Cheibriados
Dithmenos
Elyvilon
Gozag
Kikubaaqudgha
Makhleb
Nemelex Xobeh
Okawaru
Qazlal
Ru
Sif Muna
Trog
Uskayaw
Vehumet
Wu Jian
Xom
Zin
The Shining One

Shops:
D:2 !

Annotations:
D:6 2 transporters, Parakeet's ghost, novice OpSh
D:10 exclusion: downstairs
D:12 1 runed translucent door, Jorgrun


Innate Abilities, Weirdness & Mutations

You are hated by all.
You cannot study or cast Conjurations magic.
You cannot study or cast Earth magic.
You cannot study or cast Hexes magic.
You can wield a second weapon in your off-hand.
It takes a long time for you to wield or remove held weapons.
Your first few attacks do less damage.
You cannot equip rings or amulets.


Message History

The cane toad is moderately wounded.
You hit the cane toad but do no damage.
You feel very sick. The cane toad misses you.
You hit the cane toad with your +3 falchion.
The cane toad is heavily wounded.
You closely miss the cane toad with your +3 dagger.
You feel very sick. The cane toad stings you.
You are more poisoned.
The cane toad poisons you!
You focus your inner power and blind the cane toad in retribution!
You barely miss the cane toad with your +3 dagger.
The cane toad is heavily wounded.
You slash the cane toad with your +3 falchion!
You feel very sick.
The cane toad gives a loud, deep croak!
You hit the cane toad with your +3 falchion.
The cane toad is severely wounded.
You closely miss the cane toad with your +3 dagger.
You feel very sick. The cane toad stings you!
You are lethally poisoned!
The cane toad poisons you!
You hit the cane toad but do no damage.
The cane toad is severely wounded.
You hit the cane toad with your +3 falchion.
* * * LOW HITPOINT WARNING * * *
You feel extremely sick. The cane toad closely misses you.
Unknown command.
You catch the helpless cane toad completely off-guard!
You hit the cane toad with your +3 falchion.
The cane toad is almost dead.
You closely miss the cane toad with your +3 dagger.
* * * LOW HITPOINT WARNING * * *
You feel extremely sick. The cane toad stings you!!
You die...
Ru respects your ultimate sacrifice.

.... #..... ...# #..# . ##....
...# #..# .. .... #..# ##..##
.h. #..## #..# #...P# ....
##...# #..# #..# ..... #....#
#..# ####..###
......####...#####..####..#...#.
..............F@................
................................
.############.P#################
####


You could see a cane toad (blind, unable to see you).

Vanquished Creatures
  A minotaur (Gauntlet)
  A two-headed ogre (D:7)
  A deep elf pyromancer (D:7)
  A cyclops (D:12)
  A black mamba (Lair:1)
  A cane toad (Lair:1)
  A troll (D:7)
  Prince Ribbit (D:8)
  12 yaks (D:10)
  Eustachio (D:6)
  3 steam dragons
  2 water moccasins (D:10)
  Duvessa (D:4)
  A hell hound (Gauntlet)
  2 sky beasts
  5 orc warriors
  2 ogres
  3 black bears
  2 centaurs
  A kobold brigand (D:9)
  A phantom (D:4)
  5 bullfrogs
  A scorpion (D:10)
  8 wights
  Dowan (D:4)
  11 killer bees
  4 howler monkeys
  A crimson imp (Gauntlet)
  A bombardier beetle (D:4)
  4 jellies
  An orc priest (D:8)
  3 hounds
  4 gnoll boudas
  An iguana (D:5)
  2 sleepcaps
  11 orc wizards
  Robin (D:3)
  25 gnolls
  6 adders
  A shadow imp (D:8)
  6 white imps
  2 ribbon worms
  41 orcs
  5 ball pythons
  9 endoplasms
  2 giant cockroaches
  14 goblins
  9 hobgoblins
  3 jackals (D:2)
  8 kobolds
  5 quokkas
  6 bats
  3 frilled lizards
  4 rats
252 creatures vanquished.

Vanquished Creatures (others)
  An adder (D:4)
  A kobold (D:9)
2 creatures vanquished.

Grand Total: 254 creatures vanquished

Notes
Turn   | Place    | Note
-------+----------+-------------------------------------------
     0 | D:1      | kush the Coglin Brigand began the quest for the Orb.
     0 | D:1      | Reached XP level 1. HP: 16/16 MP: 1/1
    28 | D:1      | Reached skill level 1 in Dodging
    53 | D:1      | Reached skill level 2 in Short Blades
    76 | D:1      | Reached XP level 2. HP: 16/22 MP: 2/2
   889 | D:2      | Reached XP level 3. HP: 28/28 MP: 3/3
  1291 | D:2      | Reached skill level 3 in Short Blades
  1386 | D:2      | Reached XP level 4. HP: 34/34 MP: 4/4
  1535 | D:2      | Found Vuetz's Distillery.
  1538 | D:2      | Bought a potion of degeneration for 11 gold pieces
  1538 | D:2      | Bought a potion of curing for 33 gold pieces
  2414 | D:3      | Noticed Robin
  2504 | D:3      | Killed Robin
  2509 | D:3      | Reached XP level 5. HP: 36/41 MP: 5/5
  2926 | D:2      | Bought a potion of berserk rage for 55 gold pieces
  3167 | D:4      | Noticed Duvessa
  3167 | D:4      | Noticed Dowan
  3731 | D:4      | Killed Duvessa
  3732 | D:4      | Reached skill level 4 in Short Blades
  3732 | D:4      | Reached skill level 1 in Armour
  3732 | D:4      | Reached XP level 6. HP: 20/47 MP: 6/6
  3738 | D:4      | Killed Dowan
  4749 | D:4      | Reached skill level 5 in Short Blades
  5012 | D:4      | Reached XP level 7. HP: 49/52 MP: 7/7
  5175 | D:5      | Entered Level 5 of the Dungeon
  5763 | D:5      | Reached skill level 6 in Short Blades
  5977 | D:5      | Reached XP level 8. HP: 43/58 MP: 8/8
  6421 | D:5      | Found a stormy altar of Qazlal.
  7352 | D:6      | Noticed Eustachio
  7405 | D:7      | Reached skill level 7 in Short Blades
  7468 | D:6      | Killed Eustachio
  7828 | D:6      | Noticed a cyclops
  7830 | D:6      | Noticed Parakeet's ghost (novice OpSh)
  7831 | D:6      | Noticed a wraith
  7833 | D:6      | Found a transporter.
  7836 | D:6      | Found a transporter.
  7881 | D:6      | Found a basalt altar of Yredelemnul.
  8102 | D:7      | Found a staircase to the Ecumenical Temple.
  8112 | D:7      | Reached XP level 9. HP: 57/65 MP: 9/9
  8115 | D:7      | Found a sparkling altar of Nemelex Xobeh.
  8158 | D:7      | Found an ancient bone altar of Kikubaaqudgha.
  8546 | Temple   | Entered the Ecumenical Temple
  8554 | Temple   | Became a worshipper of Ru the Awakened
  8709 | D:7      | Reached skill level 8 in Short Blades
  9266 | D:7      | Noticed a deep elf pyromancer
  9269 | D:7      | Noticed a troll
  9276 | D:7      | Killed a deep elf pyromancer
  9277 | D:7      | Reached skill level 5 in Armour
  9281 | D:7      | Noticed a two-headed ogre
  9287 | D:7      | Killed a troll
  9291 | D:7      | Killed a two-headed ogre
  9292 | D:7      | Reached skill level 5 in Fighting
  9292 | D:7      | Reached skill level 9 in Short Blades
  9292 | D:7      | Reached XP level 10. HP: 9/74 MP: 10/10
 10226 | D:6      | Found a snail-covered altar of Cheibriados.
 10226 | D:6      | Found a shimmering blue altar of Sif Muna.
 11012 | D:8      | Found a hazy altar of Hepliaklqana.
 11013 | D:8      | Noticed Prince Ribbit
 11074 | D:8      | Killed Prince Ribbit
 11091 | D:8      | Found a flagged portal.
 11181 | Bailey   | Entered a bailey
 11352 | Bailey   | Noticed an orc knight
 11583 | D:8      | Gained mutation: You cannot study or cast Earth magic. [Ru
                  | sacrifice]
 11583 | D:8      | Gained mutation: You cannot study or cast Hexes magic. [Ru
                  | sacrifice]
 11583 | D:8      | Gained mutation: You cannot study or cast Conjurations
                  | magic. [Ru sacrifice]
 11583 | D:8      | Reached * piety under Ru
 13189 | D:2      | Bought a potion of invisibility for 88 gold pieces
 13189 | D:2      | Bought a potion of attraction for 33 gold pieces
 13189 | D:2      | Bought a potion of curing for 33 gold pieces
 13189 | D:2      | Bought a potion of lignification for 33 gold pieces
 13189 | D:2      | Bought a potion of mutation for 88 gold pieces
 13348 | D:10     | Entered Level 10 of the Dungeon
 13462 | D:10     | Reached skill level 10 in Short Blades
 13672 | D:10     | Reached skill level 5 in Dodging
 14486 | D:10     | Identified a scroll of acquirement
 14492 | D:10     | Reached skill level 1 in Long Blades
 14492 | D:10     | Acquired 1285 gold pieces
 14536 | D:10     | Reached XP level 11. HP: 59/84 MP: 11/11
 14573 | D:10     | Gained mutation: You are hated by all. [Ru sacrifice]
 14573 | D:10     | Reached ** piety under Ru
 14860 | D:10     | Found a staircase to the Lair.
 15134 | D:10     | Reached skill level 5 in Throwing
 15392 | D:12     | Noticed a cyclops
 15397 | D:12     | Found a gate leading to a gauntlet.
 15502 | Gauntlet | Entered a Gauntlet
 15502 | Gauntlet | Found a transporter.
 15502 | Gauntlet | Found a transporter.
 15504 | Gauntlet | Found a transporter.
 15508 | Gauntlet | Found a transporter.
 15508 | Gauntlet | Found a transporter.
 15512 | Gauntlet | Noticed a moth of wrath
 15528 | Gauntlet | Found a transporter.
 15540 | Gauntlet | Found a transporter.
 15544 | Gauntlet | Found a transporter.
 15546 | Gauntlet | Noticed an arcanist
 15550 | Gauntlet | Noticed an arcanist
 15552 | Gauntlet | Found a transporter.
 15569 | Gauntlet | Found a transporter.
 15583 | Gauntlet | Found a transporter.
 15587 | Gauntlet | Found a transporter.
 15716 | Gauntlet | Identified the +0 pair of boots "Qoujogo" {rC++ Will+}
 15737 | Gauntlet | Identified the amulet "Pufuefu" {Faith rElec rN+ Will-
                  | Str+3}
 15737 | Gauntlet | Noticed a minotaur
 15754 | Gauntlet | Killed a minotaur
 15909 | D:12     | Killed a cyclops
 15925 | D:12     | Found a runed translucent gate.
 15943 | D:12     | Noticed Jorgrun
 15952 | D:11     | Noticed a boulder beetle
 16101 | Lair:1   | Entered Level 1 of the Lair of Beasts
 16362 | Lair:1   | Slain by a cane toad

Illustrated notes

Levels and vault maps discovered:
D:1:      nzn_arrival_water_spiral, layout_basic
D:2:      layout_loops_corners, serial_shops, nicolae_shop_real_fake_doors
D:3:      layout_basic, uniq_robin
D:4:      layout_basic, uniq_duvessa
D:5:      layout_loops_ring, nicolae_qazlal_eye_of_the_storm,
          kennysheep_generic_room_7
D:6:      layout_basic, lemuel_tele_altar, gammafunk_temple_overflow_pools,
          gammafunk_ghost_arena, uniq_eustachio
D:7:      minmay_cornered_nines, layout_layer_cave, overflow_temple_1_default,
          nemelex_diamond_rough_becter, minmay_temple_entry_trees
D:8:      layout_layer_cave, kennysheep_little_box, enter_bailey_2,
          hangedman_decor_opposing, minmay_misc_feat_five, uniq_prince_ribbit1
D:9:      layout_basic
D:10:     layout_basic, due_lair_maze_entry_diamond
D:11:     layout_basic, david_orc_3, enter_trove_2,
          nicolae_elyvilon_peaceful_grove
D:12:     layout_rooms, gauntlet_entry_generic, gammafunk_ghost_hydra_chop,
          minmay_the_grid_2x2 [minmay_the_grid_doors,
          minmay_the_grid_outer_circle, minmay_the_grid_minigrid_medium,
          minmay_the_grid_prize_inner_circle], uniq_jorgrun
Temple:   nicolae_temple_bog_church
Lair:1:   layout_small_grid, grunt_forest_large_clearing_hut, lemuel_fruit_tree,
          uniq_grum, uniq_harold

Skill      XL: |  1  2  3  4  5  6  7  8  9 10 11 |
---------------+----------------------------------+-----
Dodging        | 1 3 5 |  5.6
Short Blades   | 2 3 4 5 6 7 9 10 | 10.0
Fighting       | 3 5 7 8 |  8.4
Armour         | 1 2 3 4 5 6 |  6.0
Throwing       | 2 3 4 5 |  5.7
Long Blades    | 1 4 |  4.2
Stealth        | |  3.3

Action                     |  1- 3 |  4- 6 |  7- 9 | 10-12 || total
---------------------------+-------+-------+-------+-------++-------
  Melee: Dagger            |   135 |   412 |   808 |   464 ||  1819
         Falchion          |       |       |    97 |   483 ||   580
  Throw: Dart              |       |    12 |     6 |     4 ||    22
 Invoke: Sacrifice Arcana  |       |       |       |     1 ||     1
         Sacrifice Love    |       |       |       |     1 ||     1
    Use: Scroll            |       |     4 |     5 |    12 ||    21
         Potion            |       |     2 |     4 |     7 ||    13
   Stab: Sleeping          |     3 |     3 |     2 |     4 ||    12
         Distracted        |     1 |       |       |     3 ||     4
         Invisible         |       |       |       |    16 ||    16
 Armour: Robe              |    15 |       |       |       ||    15
         Ring mail         |    25 |   143 |    27 |       ||   195
         Leather armour    |       |       |   278 |   297 ||   575
  Dodge: Dodged            |    32 |    71 |   194 |   309 ||   606

Table legend: (Time is in decaauts)
 A = Elapsed time spent in this place.
 B = Non-inter-level travel time spent in this place.
 C = Inter-level travel time spent in this place.
 D = Time resting spent in this place.
 E = Time spent auto-exploring this place.
 F = Levels seen in this place.
 G = Mean time per level.
                   A        B        C        D        E       F      G
               +--------+--------+--------+--------+--------+-----+--------+
         Total |  16066 |  14586 |   1480 |   4540 |   6988 |  16 | 1004.1 |
       Dungeon |  15099 |  13633 |   1466 |   4113 |   6848 |  12 | 1258.2 |
        Temple |    182 |    175 |      7 |    157 |      0 |   1 |  182.0 |
          Lair |    256 |    250 |      6 |    102 |     14 |   1 |  256.0 |
        Bailey |    169 |    169 |      0 |     28 |     64 |   1 |  169.0 |
      Gauntlet |    359 |    359 |      0 |    140 |     62 |   1 |  359.0 |
               +--------+--------+--------+--------+--------+-----+--------+

Top non-repeatable levels by time:
     D:4: 1874 daAuts
     D:5: 1813 daAuts
     D:3: 1793 daAuts
    D:10: 1697 daAuts
     D:7: 1691 daAuts
     D:6: 1682 daAuts
     D:2: 1214 daAuts
     D:8: 1163 daAuts
     D:1: 1112 daAuts
     D:9: 852 daAuts
Gauntlet: 359 daAuts
  Lair:1: 256 daAuts
  Temple: 182 daAuts
  Bailey: 169 daAuts
    D:12: 167 daAuts
